 Dungeon Crawl Stone Soup version 0.23.2-1-ga50397a (webtiles) character file.

Game seed: 12006892323881771921

278 goulibeur the Skirmisher (level 6, -1/79 HPs)
             Began as a Draconian Berserker on May 23, 2019.
             Was a Priest of Trog.
             Slain by a gnoll
             ... wielding a +4 spear
              (10 damage)
             ... on level 4 of the Dungeon.
             The game lasted 00:09:24 (3037 turns).

goulibeur the Skirmisher (Draconian Berserker)      Turns: 3037, Time: 00:09:25

Health: -1/79      AC:  6    Str: 24    XL:     6   Next: 5%
Magic:  6/6        EV: 13    Int:  8    God:    Trog [***...]
Gold:   167        SH:  0    Dex: 12    Spells: 5/5 levels left

rFire    . . .     SeeInvis .   a - +0 mace
rCold    . . .     Gourm    .   (no shield)
rNeg     . . .     Faith    .   (armour unavailable)
rPois    .         Spirit   .   (helmet restricted)
rElec    .         Reflect  .   (no cloak)
rCorr    .         Harm     .   (no gloves)
MR       .....                  (no boots)
Stlth    ..........             (no amulet)
HPRegen  0.23/turn              (no ring)
MPRegen  0.10/turn              (no ring)

@: berserking, glowing, very quick
A: unfitting armour, cold-blooded, AC +6
a: Berserk, Trog's Hand, Renounce Religion


You were on level 4 of the Dungeon.
You worshipped Trog.
Trog was most pleased with you.
You were very hungry.

You visited 1 branch of the dungeon, and saw 4 of its levels.

You collected 167 gold pieces.

Inventory:

Hand Weapons
 a - a +0 mace (weapon)
Missiles
 i - 8 tomahawks
 q - 7 javelins of penetration (quivered)
Jewellery
 f - a +6 ring of protection
 m - a cursed ring of attention
 s - an uncursed amulet of guardian spirit
Wands
 j - a wand of iceblast (16)
Potions
 d - a potion of might {unknown}
 g - a potion of mutation {unknown}
 k - 2 potions of heal wounds
 l - a potion of curing {unknown}
 n - a potion of flight {unknown}
 p - a potion of brilliance {unknown}
 r - a potion of ambrosia {unknown}
 t - 2 potions of degeneration
Comestibles
 b - 7 rations
 o - a chunk of flesh


   Skills:
 + Level 4.7 Fighting
 + Level 4.2 Maces & Flails
 + Level 2.4 Throwing
 + Level 3.8 Dodging


You had 5 spell levels left.
You didn't know any spells.
Your spell library was empty.

Dungeon Overview and Level Annotations

Branches:
Dungeon (4/15)
 Temple: D:4-7

Altars:
Cheibriados
Dithmenos
Kikubaaqudgha
Nemelex Xobeh
Uskayaw
Beogh

Annotations:
D:3 3 runed translucent doors, Sassenached's ghost, amateur DsSk


Innate Abilities, Weirdness & Mutations

Your plain brown scales are hard. (AC +6)
You cannot fit into any form of body armour.
You are cold-blooded and may be slowed by cold attacks.


Message History

You kill the gnoll shaman!
Trog accepts your kill.
You have reached level 6!
Your experience leads to an increase in your attributes!
Your base attributes are Str 19, Int 8, Dex 11.
Increase (S)trength, (I)ntelligence, or (D)exterity?
You feel agile.
Your scales feel tougher.
The gnoll hits you.
* * * LOW HITPOINT WARNING * * *
The gnoll hits you from afar with a +0 spear.
* * * LOW HITPOINT WARNING * * *
The gnoll closely misses you. The gnoll barely misses you. The gnoll hits you.
* * * LOW HITPOINT WARNING * * *
The gnoll hits you with a +0 spear.
* * * LOW HITPOINT WARNING * * *
Things that are here:
a +0 whip; a +0 robe You barely miss the gnoll.
The gnoll hits you with a +4 spear!
You die...

.... .. #..####.#
##........ .......
...... .. ###
#...#.... #.#
#........
#######.#####<# ...
......g@g....รท#....
#####.Zgg...........#
..................#..
.....................
..O....$..........#.#
....................#
.................#..#
..>..............#...
...##.............


You could see an ogre, 4 gnolls and a quokka skeleton.

Vanquished Creatures
  An orc wizard (D:3)
  A gnoll shaman (D:4)
  Jessica (D:3)
  Ijyb (D:3)
  4 gnolls
  4 adders
  An ooze (D:1)
  A worm (D:2)
  A dart slug (D:1)
  3 leopard geckos
  5 orcs (D:3)
  2 giant cockroaches
  7 goblins
  7 hobgoblins
  9 jackals
  3 quokkas
  10 bats
  5 frilled lizards
  6 kobolds
  7 rats
79 creatures vanquished.

Vanquished Creatures (others)
  4 toadstools (D:1)
4 creatures vanquished.

Grand Total: 83 creatures vanquished

Notes
Turn   | Place    | Note
-------+----------+-------------------------------------------
     0 | D:1      | goulibeur the Draconian Berserker began the quest for the
                  | Orb.
     0 | D:1      | Reached XP level 1. HP: 19/19 MP: 1/1
    36 | D:1      | Reached XP level 2. HP: 25/26 MP: 2/2
   270 | D:1      | Reached ** piety under Trog
   435 | D:1      | Reached skill level 1 in Throwing
   435 | D:1      | Reached XP level 3. HP: 25/33 MP: 3/3
  1062 | D:2      | Found a hide-covered altar of Uskayaw.
  1066 | D:2      | Found a snail-covered altar of Cheibriados.
  1066 | D:2      | Found a sparkling altar of Nemelex Xobeh.
  1417 | D:2      | Found an ancient bone altar of Kikubaaqudgha.
  1736 | D:3      | Reached XP level 4. HP: 40/40 MP: 4/4
  2079 | D:3      | Reached *** piety under Trog
  2095 | D:3      | Found a shadowy altar of Dithmenos.
  2164 | D:3      | Noticed Jessica
  2170 | D:3      | Killed Jessica
  2357 | D:3      | Found a runed translucent gate.
  2357 | D:3      | Identified the +4 hunting sling "Ysouwkuopn" {freeze, rElec
                  | rF+++ rC- Str-3}
  2357 | D:3      | Identified the +4 scale mail "Duna" {rC+ Dex+3}
  2358 | D:3      | Found a runed translucent gate.
  2358 | D:3      | Noticed Sassenached's ghost (amateur DsSk)
  2358 | D:3      | Noticed Ijyb
  2359 | D:3      | Found a runed translucent gate.
  2382 | D:3      | Killed Ijyb
  2382 | D:3      | Reached XP level 5. HP: 42/46 MP: 5/5
  2383 | D:3      | Received a gift from Trog
  2766 | D:3      | Found a roughly hewn altar of Beogh.
  3033 | D:4      | Noticed an ogre
  3035 | D:4      | Reached XP level 6. HP: 24/53 MP: 6/6
  3037 | D:4      | Slain by a gnoll

Skill      XL: |  1  2  3  4  5 |
---------------+----------------+-----
Dodging        | 3 |  3.8
Throwing       | 1 2 |  2.4
Fighting       | 4 |  4.7
Maces & Flails | 4 |  4.2

Action                   |  1- 3 |  4- 6 || total
-------------------------+-------+-------++-------
Melee: Mace              |   143 |   111 ||   254
       Tailslap          |    16 |    12 ||    28
Invok: Berserk           |       |     5 ||     5
  Use: Scroll            |       |     6 ||     6
 Stab: Sleeping          |     1 |     1 ||     2
  Eat: Chunk             |     3 |     8 ||    11
Armor: Skin              |    49 |    37 ||    86
Dodge: Dodged            |   126 |    71 ||   197
